 Dungeon Crawl Stone Soup version 0.26.1-15-g04117e645d (webtiles) character file.

Game seed: 874351699082379725

73 pkoi the Conjurer (level 3, -7/26 HPs)
             Began as a Demigod Conjurer on June 3, 2022.
             Killed from afar by Sigmund (9 damage)
             ... with a puff of flame
             ... on level 2 of the Dungeon.
             The game lasted 00:02:01 (2739 turns).

pkoi the Conjurer (Demigod Conjurer)                Turns: 2739, Time: 00:02:02

Health: -7/26      AC:  2    Str: 10    XL:     3   Next: 83%
Magic:  8/8        EV: 12    Int: 24    God:
Gold:   76         SH:  0    Dex: 14    Spells: 2/5 levels left

rFire    . . .     SeeInvis .   i - +0 whip
rCold    . . .     Faith    .   (no shield)
rNeg     . . .     Spirit   .   a - +0 robe
rPois    .         Reflect  .   (no helmet)
rElec    .         Harm     .   (no cloak)
rCorr    .         Rampage  .   (no gloves)
Will     .....                  (no boots)
Stlth    ++........             (no amulet)
HPRegen  0.08/turn              (no ring)
MPRegen  0.11/turn              (no ring)

@: no status effects
A: high mp 1
a: no special abilities


You were on level 2 of the Dungeon.
You visited 1 branch of the dungeon, and saw 2 of its levels.

You collected 76 gold pieces.

Inventory:

Hand Weapons
 h - a +0 short sword
 i - a +0 whip (weapon)
Armour
 a - a +0 robe (worn)
Scrolls
 b - 4 scrolls of identify
 c - a scroll of blinking
 d - a scroll of enchant weapon
 e - a scroll of teleportation {unknown}
 j - a scroll of immolation {unknown}
 l - a scroll of noise {unknown}
Potions
 f - a potion of might {unknown}
 g - a potion of cancellation {unknown}
 k - a potion of haste {unknown}
 m - a potion of degeneration {unknown}


   Skills:
 - Level 1.7 Dodging
 - Level 1.7 Stealth
 - Level 1.7 Spellcasting
 + Level 5.1 Conjurations


You had 2 spell levels left.
You knew the following spells:

 Your Spells              Type           Power        Failure   Level
a - Magic Dart            Conj           100%         1%          1
b - Searing Ray           Conj           54%          2%          2

Your spell library contained the following spells:

 Spells                   Type           Power        Failure   Level
 Dazzling Flash           Conj/Hex       28%          13%         3
 Fulminant Prism          Conj/Hex       7%           38%         4
 Iskenderun's Mystic Bla  Conj/Tloc      14%          38%         4


Dungeon Overview and Level Annotations

Branches:
Dungeon (2/15)

Annotations:
D:2 Sigmund


Innate Abilities, Weirdness & Mutations

You have an increased reservoir of magic. (+10% MP)


Message History

Sigmund screams, "Die, monster!"
Sigmund casts a spell at you. The magic dart hits you.
You bump into the rock wall.
Sigmund says, "I'm your fate."
You bump into the rock wall.
Sigmund hits you from afar with a +0 scythe!
* * * LOW HITPOINT WARNING * * *
You bump into the rock wall.
Sigmund breathes a few words.
Sigmund's hands start flickering wildly.
Sigmund closely misses you.
You bump into the rock wall.
You feel less confused.
Unknown command.
Sigmund casts a spell at you. You resist with some effort.
Sigmund casts a spell at you. The puff of flame hits you!
You die...

#......# #.# #............#
#......######.###.........####
#..†>.....................##..
#......######.##########..#...
#......# #.# #.)#P.. #......#
#@# ##.'.⌠. ##....## #.#
###P.. #....# #.# #.P. #...@#
#@# ##.. #.(..# #>#


PP# #....# #.# ### #....# #.# #....# #(# #....# #<# ######'## ###
#.......#####.# #.............# You could see Sigmund.

Vanquished Creatures
  A centaur skeleton (D:2)
  An adder (D:2)
  An ooze (D:1)
  2 worms (D:2)
  2 giant cockroaches
  5 goblins
  3 hobgoblins
  A quokka (D:2)
  2 bats
  6 frilled lizards
  A kobold (D:2)
  A leopard gecko skeleton (D:2)
  3 rats
29 creatures vanquished.

Notes
Turn   | Place    | Note
-------+----------+-------------------------------------------
     0 | D:1      | pkoi the Demigod Conjurer began the quest for the Orb.
     0 | D:1      | Reached XP level 1. HP: 14/14 MP: 5/5
   397 | D:1      | Reached skill level 4 in Conjurations
   869 | D:1      | Reached XP level 2. HP: 20/20 MP: 5/7
  1387 | D:2      | Learned a level 2 spell: Searing Ray
  1407 | D:2      | Found a shimmering altar of Xom.
  1407 | D:2      | Found a basalt altar of Yredelemnul.
  1408 | D:2      | Found an ornate altar of the Wu Jian Council.
  1663 | D:2      | Reached skill level 5 in Conjurations
  1663 | D:2      | Reached XP level 3. HP: 16/26 MP: 0/8
  2700 | D:2      | Noticed Sigmund
  2739 | D:2      | Killed from afar by Sigmund

Illustrated notes

Levels and vault maps discovered:
D:1:      dpeg_arrival_houses_and_road, layout_basic, minivault_5,
          minmay_tetromino_s2
D:2:      layout_basic, gammafunk_temple_overflow_forgotten, uniq_sigmund

Skill      XL: |  1  2 |
---------------+-------+-----
Conjurations   | 4 5 |  5.1
Dodging        | |  1.7
Stealth        | |  1.7
Spellcasting   | |  1.7

Action                   || total
-------------------------++-------
Melee: Whip              ||    10
 Cast: Magic Dart        ||    63
       Searing Ray       ||     1
  Use: Scroll            ||     2
Armor: Robe              ||     2
Dodge: Dodged            ||     5
